 Dungeon Crawl Stone Soup version 0.22.1-1-ga44c0e5 (webtiles) character file.

550 Goblin1989 the Ruffian (level 7, 0/46 HPs)
             Began as a Demonspawn Chaos Knight on Oct 15, 2018.
             Slain by a phantom (5 damage)
             ... on level 4 of the Dungeon.
             The game lasted 00:10:05 (3925 turns).

Goblin1989 the Ruffian (Demonspawn Chaos Knight)    Turns: 3925, Time: 00:10:06

Health: 0/46       AC:  9    Str: 15 (18) XL:     7   Next: 7%
Magic:  9/9        EV: 16    Int: 14      God:    Xom [....*.]
Gold:   150        SH:  5    Dex: 16 (17) Spells: 6/6 levels left

rFire    . . .     SeeInvis .     - Unarmed
rCold    . . .     Gourm    .   z - +0 buckler
rNeg     + . .     Faith    .   T - +2 leather armour {rN+}
rPois    .         Spirit   .   F - +0 helmet
rElec    .         Reflect  .   (no cloak)
rCorr    .         Harm     .   (no gloves)
MR       .....                  (no boots)
Stlth    ++........             (no amulet)
HPRegen  0.15/turn              x - +3 ring of protection
MPRegen  0.11/turn              B - +4 ring of strength

@: agile
A: claws 2, blurry vision 1, frail 1, screaming 2, sturdy frame 1
a: Renounce Religion


You were on level 4 of the Dungeon.
You worshipped Xom.
You were a beloved toy of Xom.
You were not hungry.

You visited 1 branch of the dungeon, and saw 4 of its levels.

You collected 150 gold pieces.

Inventory:

Hand Weapons
 a - a +0 hand axe of chaos
Armour
 n - a +0 plate armour
 z - a +0 buckler (worn)
 A - a cursed +0 scale mail
 F - a +0 helmet (worn)
 T - a +2 leather armour of positive energy (worn)
Jewellery
 x - a +3 ring of protection (left claw)
 B - a +4 ring of strength (right claw)
Wands
 y - a wand of clouds (7) {god gift, @v3}
Scrolls
 h - 3 scrolls of remove curse {@r3}
 i - 2 scrolls of teleportation {unknown}
 j - a scroll of blinking {unknown}
 q - 2 scrolls of enchant weapon {unknown}
 u - 3 scrolls of immolation {unknown}
 C - a scroll of amnesia {unknown}
 R - 3 scrolls of identify {@r1}
Potions
 g - a potion of invisibility {unknown}
 l - 2 potions of heal wounds
 o - a potion of degeneration
 r - a potion of magic {unknown}
 s - 3 potions of agility
 t - a potion of lignification {unknown}
 v - a potion of curing {unknown}
 E - a potion of resistance {unknown}
Comestibles
 e - 6 rations
 U - 2 chunks of flesh


   Skills:
 - Level 3.0 Fighting
 - Level 3.8 Axes
 - Level 1.7 Armour
 - Level 0.8 Dodging
 + Level 2.7 Shields
 + Level 4.2 Unarmed Combat
 + Level 3.2 Evocations


You had 6 spell levels left.
You didn't know any spells.
Your spell library was empty.

Dungeon Overview and Level Annotations

Branches:
Dungeon (4/15)
 Temple: D:4-7

Altars:
Gozag
Xom

Annotations:
D:3 3 runed doors, imbaray's ghost, amateur TrMo


Innate Abilities, Weirdness & Mutations

You have very sharp fingernails.
Your movements are slightly less encumbered by armour. (ER -2)
Scrolls take you a little longer to read.
You are frail. (-10% HP)
You sometimes yell uncontrollably at your foes.


Message History

You scratch the leopard gecko but do no damage.
Xom briefly touches your surroundings. The leopard gecko closely misses you.
You scratch the leopard gecko.
You kill the leopard gecko!
The gnoll closely misses you. The gnoll hits you but does no damage.
The phantom blinks!
Things that are here:
a club; a brightly glowing scale mail You scratch the gnoll but do no damage.
The gnoll hits you but does no damage.
You closely miss the gnoll. The gnoll hits you with a spear.
You take 3 damage, and have 20/42 hp.
You scratch the gnoll.
The gnoll is heavily wounded.
The gnoll hits you with a spear!
* * * LOW HITPOINT WARNING * * *
You take 7 damage, and have 13/42 hp.
You scratch the gnoll.
The gnoll is heavily wounded.
You block the gnoll's attack.
You scratch the gnoll but do no damage.
The gnoll is heavily wounded.
The gnoll misses you.
You scratch the gnoll but do no damage.
The gnoll is heavily wounded.
The gnoll hits you but does no damage.
You scratch the gnoll but do no damage.
The gnoll is heavily wounded.
Xom makes a sudden noise!
You hear a flourish of trumpets!
You are now a beloved toy of Xom.
The gnoll misses you.
You closely miss the gnoll.
The gnoll is heavily wounded.
The gnoll hits you with a spear.
* * * LOW HITPOINT WARNING * * *
The phantom blinks!
You take 3 damage, and have 10/42 hp.
You barely miss the gnoll.
The gnoll is heavily wounded.
The gnoll completely misses you.
Unknown command.
You scratch the gnoll.
The gnoll is almost dead. "Serve the mortal, my child!"
The gnoll hits you but does no damage.
You claw the gnoll!
You kill the gnoll!
You have reached level 7!
MP restored: 9 Unknown command.
Unknown command.
The gnoll closely misses you. You block the gnoll's attack.
Things that are here:
a spear; a chain mail; a gnoll corpse You scratch the gnoll.
The gnoll is heavily wounded.
The gnoll closely misses you. The gnoll barely misses you.
You scratch the gnoll.
The gnoll is severely wounded.
You are no longer glowing.
The gnoll completely misses you. The gnoll misses you.
You scratch the gnoll.
The gnoll is severely wounded.
The gnoll misses you. The gnoll hits you with a club.
* * * LOW HITPOINT WARNING * * *
You take 2 damage, and have 10/46 hp.
You scratch the gnoll.
You kill the gnoll!
The gnoll misses you.
Unknown command.
You block the gnoll's attack. The gnoll hits you with a spear.
* * * LOW HITPOINT WARNING * * *
The phantom blinks!
Things that are here:
a club; a hunting sling; a ring mail You take 2 damage, and have 8/46 hp.
You claw the gnoll!
The gnoll is almost dead.
The gnoll barely misses you. The gnoll hits you with a spear.
* * * LOW HITPOINT WARNING * * *
You take 4 damage, and have 4/46 hp.
Unknown command.
You claw the gnoll!
You kill the gnoll!
You block the gnoll's attack. The gnoll closely misses you.
You see here a spear.
You closely miss the gnoll. The gnoll barely misses you.
You scratch the gnoll.
The gnoll is moderately wounded.
The gnoll barely misses you.
You claw the gnoll!
You kill the gnoll!
You closely miss the phantom. The phantom misses you.
You closely miss the phantom. The phantom barely misses you.
You scratch the phantom.
The phantom is lightly damaged.
The phantom hits you.
You die...
Xom titters!

@...... ██ ......l....... .██
██.[............█ ..██
█...............█
█.)███████..(............█
██))....................███████
██.....██..██..........██...>.█
█...██....████████....███.....█
..███████.⌂..))5@W.....██.....█
███ ██.████████.......W....█
███..█ █.....███.....█
██████...██ █.............█
..<....███ ........███.....█


████████ █..███...█ █.....█ █ ███ █..████.███ █.....█ █ █.. ...█....█ ███████ ██
█.█ █..[..██.█ You could see a phantom and a friendly shadow imp.

Vanquished Creatures
  Edmund (D:4)
  A phantom (D:4)
  A hound (D:3)
  A gnoll shaman (D:4)
  Natasha (twice) (D:2)
  A worker ant (D:2)
  Robin (D:3)
  8 gnolls
  An adder (D:4)
  An ooze (D:3)
  2 worms
  A dart slug (D:1)
  5 leopard geckos
  3 orcs (D:4)
  7 giant cockroaches
  A goblin (shapeshifter) (D:1)
  17 goblins
  17 hobgoblins
  6 jackals (D:1)
  11 kobolds
  A quokka (D:4)
  A ball python (D:2)
  3 bats (D:3)
  3 frilled lizards
  A leopard gecko skeleton (D:4)
  6 rats
103 creatures vanquished.

Vanquished Creatures (collateral kills)
  A hobgoblin (D:1)
1 creature vanquished.

Grand Total: 104 creatures vanquished

Notes
Turn   | Place    | Note
-------+----------+-------------------------------------------
     0 | D:1      | Goblin1989 the Demonspawn Chaos Knight began the quest for
                  | the Orb.
     0 | D:1      | Reached XP level 1. HP: 18/18 MP: 1/1
   222 | D:1      | XOM: cloud trail
   232 | D:1      | Gained mutation: Your movements are slightly less
                  | encumbered by armour. (ER -2) [demonic ancestry]
   232 | D:1      | Reached XP level 2. HP: 21/24 MP: 2/2
   758 | D:1      | Gained mutation: You have sharp fingernails. [demonic
                  | ancestry]
   758 | D:1      | Reached XP level 3. HP: 29/29 MP: 3/3
  1031 | D:1      | XOM: noise
  1085 | D:1      | Reached skill level 1 in Unarmed Combat
  1603 | D:2      | XOM: harmless Chrm miscast
  1641 | D:2      | XOM: 8-stop teleportation journey
  1998 | D:2      | Noticed Natasha
  2000 | D:2      | Noticed Natasha
  2000 | D:2      | Natasha changed into Natasha the worker ant
  2000 | D:2      | XOM: polymorph Natasha -> Natasha the worker ant
  2004 | D:2      | Killed Natasha the worker ant
  2004 | D:2      | Reached skill level 2 in Unarmed Combat
  2004 | D:2      | Gained mutation: You have very sharp fingernails. [demonic
                  | ancestry]
  2004 | D:2      | Reached XP level 4. HP: 29/35 MP: 4/4
  2245 | D:2      | Noticed Natasha
  2255 | D:2      | Killed Natasha
  2293 | D:2      | XOM: god gift: wand of clouds (7) {god gift}
  2362 | D:2      | Noticed Natasha
  2368 | D:2      | Killed Natasha
  2368 | D:2      | Reached skill level 3 in Unarmed Combat
  2477 | D:3      | XOM: harmless Chrm miscast
  2507 | D:3      | XOM: blink monster(s)
  2509 | D:3      | XOM: enchant monster (good)
  2511 | D:3      | Reached XP level 5. HP: 40/41 MP: 5/5
  2537 | D:3      | Found a large runed door.
  2537 | D:3      | Found a large runed door.
  2575 | D:3      | Found a runed door.
  2594 | D:3      | Reached skill level 1 in Evocations
  2634 | D:3      | XOM: enchant monster (bad)
  2639 | D:3      | XOM: give mutations
  2639 | D:3      | Gained mutation: Scrolls take you a little longer to read.
                  | [Xom's mischief]
  2639 | D:3      | Gained mutation: You are frail. (-10% HP) [Xom's mischief]
  2639 | D:3      | Gained mutation: You occasionally shout uncontrollably at
                  | your foes. [Xom's mischief]
  2639 | D:3      | Gained mutation: You sometimes yell uncontrollably at your
                  | foes. [Xom's mischief]
  2642 | D:3      | XOM: potion effect (brilliance)
  2727 | D:3      | XOM: harmless Necr miscast
  2830 | D:3      | Reached skill level 1 in Shields
  2847 | D:3      | Noticed Robin
  2874 | D:3      | XOM: swap monsters
  2895 | D:3      | Killed Robin
  2994 | D:3      | XOM: summons 2 hostile demons
  3201 | D:3      | Noticed imbaray's ghost (amateur TrMo)
  3263 | D:4      | Found an opulent altar of Gozag.
  3340 | D:4      | XOM: mild Hex miscast
  3429 | D:4      | Reached XP level 6. HP: 30/42 MP: 7/7
  3516 | D:4      | XOM: 2-stop teleportation journey
  3520 | D:4      | Noticed Edmund
  3521 | D:4      | XOM: divination: detect items
  3552 | D:4      | Killed Edmund
  3779 | D:4      | Reached skill level 4 in Unarmed Combat
  3866 | D:4      | XOM: 2-stop teleportation journey
  3897 | D:4      | XOM: scenery: create altars
  3906 | D:4      | XOM: noise
  3909 | D:4      | XOM: summons friendly shadow imp
  3910 | D:4      | Reached XP level 7. HP: 12/46 MP: 9/9
  3925 | D:4      | Slain by a phantom

Skill      XL: |  1  2  3  4  5  6 |
---------------+-------------------+-----
Axes           | 3 |  3.8
Unarmed Combat | 2 3 4 |  4.2
Evocations     | 2 3 |  3.2
Shields        | 1 2 |  2.7
Fighting       | |  3.0
Armour         | |  1.7
Dodging        | |  0.8

Action                   |  1- 3 |  4- 6 |  7- 9 || total
-------------------------+-------+-------+-------++-------
Melee: Hand axe          |   136 |    64 |       ||   200
       Unarmed           |       |   142 |    12 ||   154
  Use: Potion            |       |     3 |       ||     3
       Scroll            |       |     2 |       ||     2
 Stab: Petrifying        |     1 |       |       ||     1
       Paralysed         |       |     1 |       ||     1
  Eat: Chunk             |     4 |     6 |       ||    10
Armor: Leather armour    |    36 |    94 |       ||   130
Dodge: Dodged            |    71 |   118 |    13 ||   202
Block: Buckler           |       |    34 |     3 ||    37

Vault maps used:
D:1:      dpeg_arrival_castle, minmay_pentomino_w4
D:2:      first_ration, uniq_natasha
D:3:      ebering_ghost_disaster_area, uniq_robin, uniq_crazy_yiuf_cottage
D:4:      overflow_temple_1_default, temple_statues, uniq_edmund
